Map: Polka LE

Players

qqq - Winner!

  • Race: Zerg Zerg
  • League: Platinum
  • Spawn Location: 5:00

Massa - Winner!

  • Race: Terran Terran
  • League: Platinum
  • Spawn Location: 5:00

asPredicted

  • Race: Protoss Protoss
  • League: Platinum
  • Spawn Location: 11:00

Moe

  • Race: Protoss Protoss
  • League: Diamond
  • Spawn Location: 11:00

VOD

Have the link to the VOD?

Description

Time

  • Played on: Jan. 24, 2021, 11:15 a.m.
  • Length: 18:50
Show
View Real Time Build Order
Export as new Build Order

qqq Zerg - Winner!

Build Orders: Hatch First 

Get SALT Encoding   

  12  0:00  Drone  
  13  0:10  Drone  
  14  0:20  Overlord  
  14  0:49  Drone  
  15  0:51  Drone  
  16  0:58  Hatchery  
  15  1:14  Drone x3  
  18  1:22  Extractor, Spawning Pool  
  16  1:27  Drone  
  16  1:54  Hatchery  
  16  2:00  Drone x2  
  17  2:02  Drone  
  18  2:13  Drone  
  19  2:18  Queen  
  21  2:30  Lair  
  21  2:33  Drone  
  22  2:38  Extractor, Drone  
  22  2:42  Drone  
  23  2:45  Drone  
  23  2:49  Drone  
  25  2:52  Drone  
  25  2:57  Drone  
  27  2:59  Drone  
  28  3:06  Overlord  
  28  3:13  Drone  
  28  3:15  Zergling x2  
  28  3:16  Drone  
  28  3:17  Drone  
  32  3:20  Zergling x2  
  32  3:22  Drone  
  34  3:30  Drone  
  34  3:31  Drone  
  36  3:39  Drone, Spire  
  36  3:42  Drone  
  36  3:45  Overseer  
  36  3:47  Drone  
  39  3:48  Drone  
  39  3:52  Overlord  
  40  4:02  Drone  
  40  4:03  Drone x2  
  40  4:04  Overlord  
  42  4:10  Drone  
  42  4:13  Overlord  
  43  4:27  Drone x2  
  43  4:28  Drone x2  
  43  4:29  Extractor  
  43  4:31  Extractor  
  45  4:35  Queen  
  47  4:40  Drone  
  47  4:41  Extractor  
  47  4:42  Extractor  
  47  4:45  Drone x3  
  47  4:46  Hatchery  
  47  4:50  Mutalisk  
  47  4:51  Corruptor  
  52  4:53  Corruptor  
  52  4:56  Drone  
  52  4:57  Drone  
  56  5:04  Infestation Pit  
  56  5:05  Drone x2  
  57  5:09  Overlord  
  57  5:11  Zerg Flyer Weapons Level 1  
  57  5:13  Drone  
  57  5:27  Spore Crawler  
  52  5:30  Drone x3, Corruptor  
  52  5:35  Drone x2  
  56  5:40  Corruptor  
  58  5:44  Spore Crawler  
  53  6:05  Corruptor  
  53  6:07  Zergling x4  
  53  6:08  Drone x3  
  53  6:09  Drone x4  
  60  6:30  Overlord x2  
  60  6:37  Hatchery  
  59  6:41  Drone  
  59  6:43  Overlord  
  60  6:53  Drone x3  
  63  6:55  Corruptor  
  65  7:03  Hive  
  65  7:05  Drone  
  66  7:15  Hatchery  
  65  7:17  Drone  
  66  7:26  Drone  
  67  7:40  Mutalisk, Overseer  
  67  7:41  Mutalisk x2  
  71  8:00  Drone x4  
  71  8:02  Hatchery, Mutalisk, Spore Crawler  
  71  8:04  Spine Crawler x2  
  71  8:05  Zerg Flyer Armor Level 1  
  73  8:08  Corruptor  
  75  8:15  Spore Crawler  
  75  8:17  Extractor, Spine Crawler  
  75  8:18  Spine Crawler  
  75  8:19  Extractor, Drone  
  71  8:20  Drone  
  71  8:21  Drone  
  71  8:26  Drone  
  74  8:27  Drone  
  75  8:35  Corruptor  
  77  8:41  Viper  
  77  8:44  Overlord  
  77  8:45  Overlord  
  80  8:49  Drone  
  80  8:53  Overlord  
  81  9:00  Spire  
  81  9:01  Queen  
  81  9:02  Mutalisk  
  82  9:04  Drone x2  
  82  9:05  Drone  
  82  9:08  Pneumatized Carapace  
  87  9:10  Overseer  
  87  9:24  Drone x5  
  87  9:25  Drone  
  88  9:33  Corruptor x2  
  88  9:34  Drone  
  88  9:35  Drone, Mutalisk  
  90  9:58  Zerg Flyer Weapons Level 2  
  90  9:59  Drone x4  
  95  10:00  Drone x5  
  95  10:04  Mutalisk x2  
  95  10:23  Drone x4  
  95  10:24  Drone x2  
  101  10:32  Drone x3  
  101  10:33  Queen  
  106  10:48  Extractor, Zerg Flyer Armor Level 2  
  106  10:49  Viper  
  108  10:50  Zergling x6  
  108  10:52  Metabolic Boost  
  108  10:54  Drone  
  108  10:55  Overlord  
  108  10:56  Overlord x3  
  112  11:02  Overlord  
  112  11:05  Overseer  
  112  11:14  Hatchery  
  112  11:18  Drone x6  
  117  11:26  Spine Crawler  
  116  11:43  Drone x2  
  116  11:45  Mutalisk x2, Corruptor x2  
  126  11:48  Hatchery  
  126  11:51  Ultralisk Cavern  
  126  11:52  Spine Crawler  
  126  11:54  Hatchery, Drone, Evolution Chamber, Spore Crawler  
  122  11:55  Evolution Chamber  
  119  12:20  Drone x3, Mutalisk x4  
  119  12:21  Mutalisk x5  
  140  12:25  Hatchery  
  140  12:29  Viper  
  142  12:39  Mutalisk x3  
  142  12:41  Drone  
  149  12:51  Mutalisk  
  149  12:54  Overlord x2  
  149  12:55  Overlord x2  
  151  13:05  Ultralisk  
  157  13:06  Overlord x3  
  157  13:14  Ultralisk x2  
  165  13:23  Ultralisk  
  165  13:24  Zergling x4  
  165  13:25  Drone x5  
  165  13:26  Drone  
  173  13:34  Viper  
  173  13:36  Corruptor x2  
  160  13:52  Mutalisk x2  
  160  13:53  Mutalisk x3  
  140  13:57  Mutalisk x2  
  140  13:59  Drone  
  140  14:00  Drone x4  
  132  14:21  Corruptor x3  
  132  14:22  Corruptor x2  
  143  14:24  Zergling x8  
  145  14:32  Drone  
  146  14:41  Ultralisk  
  147  14:53  Hatchery, Mutalisk  
  147  14:55  Ultralisk  
  147  14:57  Hatchery, Zerg Melee Weapons Level 1, Zerg Ground Armor Level 1  
  153  15:00  Drone  
  153  15:01  Drone  
  155  15:25  Drone x2  
  155  15:26  Ultralisk  
  155  15:27  Ultralisk, Corruptor x3  
  175  15:38  Spine Crawler  
  175  15:39  Drone x2, Spine Crawler x2  
  175  15:40  Spine Crawler x2  
  175  15:41  Spine Crawler  
  171  15:42  Spore Crawler  
  171  15:43  Spine Crawler x2  
  171  15:45  Spore Crawler  
  171  15:47  Spore Crawler  
  171  15:48  Spore Crawler  
  165  15:53  Anabolic Synthesis  
  159  16:07  Hatchery  
  159  16:11  Drone x3  
  158  16:12  Ultralisk  
  158  16:14  Corruptor x2  
  158  16:15  Corruptor x2  
  158  16:16  Zergling x2  
  158  16:17  Zergling x8  
  178  16:25  Spine Crawler  
  171  16:28  Spine Crawler  
  171  16:29  Spine Crawler x3  
  171  16:30  Spine Crawler x2  
  171  16:31  Spine Crawler  
  144  16:34  Spine Crawler  
  144  16:35  Spine Crawler  
  144  16:36  Chitinous Plating  
  144  16:38  Ultralisk, Corruptor  
  144  16:39  Corruptor  
  148  16:40  Drone  
  148  16:41  Drone x4  
  147  16:55  Zergling x2  
  147  16:56  Zergling x6, Ultralisk  
  147  16:58  Drone x3  
  158  17:17  Drone x4, Spine Crawler x2  
  158  17:18  Spine Crawler  
  158  17:20  Drone x2  
  161  17:26  Drone  
  161  17:27  Spine Crawler  
  161  17:28  Spore Crawler  
  160  17:30  Extractor, Spine Crawler  
  158  17:42  Spore Crawler  
  158  17:43  Spine Crawler  
  154  18:10  Ultralisk  
  154  18:11  Ultralisk  
  154  18:12  Drone  
  167  18:26  Drone  
  169  18:27  Drone x4  
Show
View Real Time Build Order
Export as new Build Order

Massa Terran - Winner!

Build Orders:  

Get SALT Encoding   

  12  0:01  SCV  
  13  0:13  SCV  
  14  0:23  Supply Depot  
  14  0:25  SCV  
  15  0:45  SCV  
  15  0:46  Barracks  
  16  0:57  SCV  
  17  1:12  SCV  
  17  1:16  Refinery  
  18  1:24  SCV  
  19  1:37  Command Center  
  19  1:43  Supply Depot  
  19  1:56  Orbital Command  
  19  2:18  Command Center  
  20  2:22  SCV  
  20  2:33  Factory  
  20  2:37  SCV  
  21  2:45  Barracks  
  21  2:50  SCV  
  22  2:54  Engineering Bay  
  22  3:04  Orbital Command  
  22  3:06  Barracks Tech Lab  
  22  3:17  Barracks  
  22  3:19  Factory Tech Lab  
  22  3:25  Stimpack  
  22  3:26  Marine  
  23  3:37  Refinery, SCV  
  23  3:38  SCV  
  23  3:39  SCV  
  26  3:47  Barracks Reactor  
  26  3:49  SCV  
  26  3:51  Widow Mine  
  26  3:53  SCV  
  26  3:54  SCV  
  31  4:02  SCV  
  32  4:05  SCV  
  32  4:07  SCV, Missile Turret  
  34  4:14  SCV  
  35  4:17  SCV  
  35  4:19  SCV  
  37  4:27  Marauder, Marine x2  
  37  4:30  SCV  
  43  4:35  Refinery  
  43  4:37  Refinery, SCV x2  
  44  4:42  SCV  
  44  4:44  Starport  
  44  4:45  Marine x2  
  46  4:48  Marauder  
  49  4:57  Armory  
  49  5:00  Barracks Reactor  
  49  5:06  Marine x2  
  51  5:09  Marine  
  51  5:12  Cyclone  
  55  5:18  SCV x3  
  58  5:23  Marine  
  58  5:24  Marine  
  58  5:25  Missile Turret  
  60  5:30  SCV  
  61  5:36  Supply Depot  
  61  5:37  Supply Depot x2  
  61  5:38  Supply Depot  
  61  5:39  Terran Infantry Weapons Level 1  
  61  5:58  SCV x3, Thor  
  70  6:05  Marine x3  
  70  6:06  Marauder, Marine  
  70  6:10  SCV x3  
  79  6:23  Marine x2  
  79  6:25  Marine x2  
  82  6:27  Marauder  
  85  6:35  Starport Reactor  
  85  6:40  Marine  
  85  6:41  Marine  
  87  6:49  Marauder  
  87  6:52  Combat Shield  
  89  6:59  Supply Depot x2  
  89  7:00  Supply Depot x2  
  89  7:01  Supply Depot  
  89  7:02  Supply Depot  
  89  7:03  Supply Depot x3  
  89  7:05  Command Center  
  89  7:10  Marauder  
  89  7:12  Orbital Command  
  89  7:14  SCV  
  92  7:20  Thor  
  92  7:21  Marine x3  
  101  7:33  Terran Infantry Armor Level 1  
  100  8:06  Marauder, Marine x4  
  100  8:10  SCV x3  
  106  8:18  Terran Vehicle Weapons Level 1  
  105  8:22  SCV x3  
  108  8:28  Marauder  
  108  8:32  Missile Turret  
  112  8:34  SCV x3  
  113  8:43  Marine x2  
  113  8:44  Marine x2, Medivac  
  113  8:45  Medivac  
  113  8:46  SCV  
  122  8:49  Marauder  
  124  9:04  SCV x3  
  127  9:10  Marauder  
  127  9:12  Command Center  
  127  9:14  Medivac  
  127  9:16  Refinery, SCV x3  
  134  9:28  SCV  
  110  9:46  Marine  
  110  9:47  Marauder, Marine x3  
  116  9:54  SCV  
  116  9:55  SCV x2, Planetary Fortress  
  109  10:04  Marine x4  
  109  10:06  SCV  
  96  10:07  SCV x2  
  96  10:09  Marauder  
  97  10:18  SCV  
  97  10:19  SCV x2  
  99  10:21  Marine  
  99  10:22  Marine x3  
  103  10:29  SCV  
  103  10:30  SCV, Marauder  
  103  10:31  SCV x2  
  109  10:39  Marine  
  109  10:40  Marine x3  
  109  10:41  SCV  
  114  10:42  SCV  
  114  10:43  SCV x2  
  114  10:46  Barracks  
  114  10:48  Barracks  
  117  10:51  Barracks, Marauder  
  117  10:54  Barracks  
  117  10:55  Missile Turret x2  
  117  10:56  Factory  
  119  10:59  Missile Turret  
  119  11:03  Concussive Shells  
  119  11:05  Drilling Claws  
  119  11:06  Thor  
  119  11:10  SCV x3  
  129  11:12  Marine  
  129  11:13  SCV  
  130  11:22  SCV x3, Missile Turret  
  130  11:25  SCV  
  134  11:26  Missile Turret  
  134  11:31  Terran Infantry Weapons Level 2  
  134  11:34  SCV x3  
  134  11:35  Engineering Bay  
  134  11:37  SCV  
  134  11:38  Refinery  
  138  11:42  Refinery  
  138  11:43  Factory Tech Lab  
  138  11:44  Missile Turret  
  138  11:46  SCV x3  
  141  11:49  Barracks Reactor x4, SCV, Thor  
  148  11:58  SCV x2  
  150  12:05  Missile Turret, Thor  
  150  12:06  Marine  
  150  12:07  Marine x4  
  161  12:10  Terran Infantry Armor Level 2  
  161  12:22  Viking x2  
  165  12:24  Marine, Missile Turret  
  165  12:25  Marine x4  
  165  12:26  Planetary Fortress, Missile Turret  
  170  12:32  Thor  
  176  12:42  Marine x3  
  178  12:47  Missile Turret  
  133  13:00  Thor  
  139  13:05  Ghost Academy  
  138  13:15  Thor  
  144  13:22  Marauder, Marine  
  144  13:23  Marine x11  
  158  13:40  Marine x9  
  158  13:41  Marine x3, Command Center  
  170  13:43  Marauder, Thor  
  170  13:47  Missile Turret  
  170  13:57  Marine  
  170  13:58  Marine x4, Thor  
  180  14:11  Supply Depot  
  180  14:12  Supply Depot  
  180  14:13  Supply Depot  
  180  14:14  Enhanced Shockwaves  
  171  14:17  Supply Depot  
  171  14:19  Marine x2  
  171  14:20  Marine x2  
  171  14:21  Marauder  
  156  14:25  Thor  
  156  14:26  Medivac x2  
  163  14:40  Supply Depot  
  163  14:42  Marauder, Supply Depot  
  163  14:43  Supply Depot  
  163  14:44  Supply Depot  
  165  14:50  Command Center  
  165  14:55  Command Center  
  165  14:56  Medivac x2  
  169  15:00  Terran Infantry Weapons Level 3, Terran Infantry Armor Level 3  
  169  15:03  Supply Depot  
  169  15:04  Marauder  
  169  15:05  SCV x3  
  169  15:06  Supply Depot  
  172  15:17  SCV x2  
  158  15:24  Ghost  
  138  15:30  Marine x4  
  138  15:31  Marine x8  
  138  15:32  Thor x2  
  149  15:48  Marine x4  
  153  15:51  Medivac x2  
  153  15:53  Ghost  
  153  15:56  Marine  
  160  15:57  Marine x7  
  167  16:06  Marine x4  
  168  16:14  Marine, Thor  
  168  16:15  Marine x7, Thor  
  188  16:21  Ghost, Medivac x2  
  188  16:23  Marine  
  188  16:24  Marine x3  
  198  16:32  Marine  
  199  16:33  Marine  
  200  16:40  Planetary Fortress  
  181  17:32  Thor x2  
  143  17:49  Marauder, Marine x7  
  143  17:50  Marine  
  114  18:10  Marauder, Planetary Fortress  
  100  18:17  Missile Turret  
  100  18:19  Missile Turret  
  112  18:20  SCV  
  112  18:21  SCV x2  
  112  18:26  Missile Turret  
  117  18:38  Missile Turret  
Show
View Real Time Build Order
Export as new Build Order

asPredicted Protoss 

Build Orders:  

Get SALT Encoding   

  12  0:00  Probe  
  13  0:18  Probe  
  14  0:22  Pylon  
  14  0:30  Probe  
  15  0:38  Assimilator  
  15  0:42  Gateway  
  15  0:45  Probe (Chrono Boost)  
  16  0:55  Probe (Chrono Boost)  
  17  1:00  Probe (Chrono Boost)  
  18  1:12  Probe (Chrono Boost)  
  19  1:20  Pylon  
  19  1:25  Probe (Chrono Boost)  
  20  1:30  Assimilator  
  20  1:31  Probe (Chrono Boost)  
  21  1:39  Probe  
  22  1:51  Probe  
  23  1:59  Cybernetics Core  
  22  2:19  Probe  
  23  2:33  Warp Gate (Chrono Boost)  
  23  2:36  Probe, Robotics Facility  
  24  2:47  Sentry  
  24  2:48  Probe  
  27  2:55  Twilight Council  
  27  3:00  Probe  
  28  3:08  Nexus  
  28  3:10  Pylon  
  28  3:11  Assimilator  
  29  3:12  Probe  
  29  3:18  Pylon  
  29  3:28  Probe, Pylon  
  29  3:29  Immortal (Chrono Boost)  
  34  3:40  Probe  
  35  3:54  Probe  
  36  4:01  Immortal (Chrono Boost)  
  40  4:05  Resonating Glaives  
  40  4:07  Probe  
  41  4:19  Probe  
  43  4:33  Pylon  
  43  4:34  Probe (Chrono Boost)  
  43  4:35  Probe (Chrono Boost), Warp Prism (Chrono Boost)  
  46  4:44  Probe (Chrono Boost)  
  48  4:46  Probe (Chrono Boost)  
  48  4:49  Probe (Chrono Boost)  
  49  4:53  Robotics Bay  
  49  4:55  Probe  
  49  4:56  Zealot  
  52  5:01  Probe  
  52  5:06  Assimilator  
  53  5:07  Probe  
  53  5:13  Probe  
  55  5:19  Probe  
  56  5:23  Dark Shrine  
  56  5:25  Probe  
  57  5:29  Gateway  
  57  5:30  Gateway  
  57  5:31  Probe  
  57  5:34  Zealot  
  60  5:37  Probe  
  61  5:43  Probe  
  61  5:49  Probe  
  63  5:55  Probe  
  64  5:59  Zealot  
  64  6:37  Probe  
  51  6:40  Pylon  
  51  6:48  Pylon  
  51  6:50  Pylon  
  51  6:51  Dark Templar x3  
  51  6:53  Pylon  
  57  6:57  Pylon  
  57  7:00  Pylon  
  57  7:04  Stargate  
  57  7:07  Stargate  
  55  8:01  Void Ray (Chrono Boost)  
  55  8:05  Probe  
  54  8:07  Oracle (Chrono Boost)  
  61  8:14  Zealot x3  
  67  8:21  Extended Thermal Lance  
  67  8:26  Blink (Chrono Boost), Nexus  
  66  8:29  Void Ray x2 (Chrono Boost)  
  66  8:32  Gateway  
  66  8:36  Pylon, Assimilator  
  66  8:39  Pylon  
  66  8:40  Assimilator  
  74  8:44  Pylon  
  74  8:46  Pylon, Protoss Air Armor Level 1 (Chrono Boost)  
  74  8:47  Zealot x3  
  74  8:48  Pylon  
  80  8:58  Void Ray  
  80  8:59  Gateway  
  80  9:02  Gateway  
  80  9:04  Gateway  
  80  9:06  Gateway  
  80  9:09  Gateway, Dark Templar  
  86  9:10  Zealot  
  86  9:14  Gateway  
  86  9:15  Probe  
  86  9:20  Forge  
  78  9:28  Probe x2  
  78  9:30  Phoenix (Chrono Boost)  
  74  9:34  Observer (Chrono Boost)  
  57  9:40  Probe  
  58  9:46  Probe  
  58  9:47  Observer (Chrono Boost)  
  58  9:49  Void Ray (Chrono Boost)  
  58  9:52  Probe (Chrono Boost)  
  64  9:55  Probe (Chrono Boost)  
  65  10:04  Probe (Chrono Boost)  
  65  10:05  Probe (Chrono Boost)  
  68  10:07  Observer  
  68  10:09  Probe (Chrono Boost)  
  68  10:10  Probe (Chrono Boost)  
  68  10:12  Probe (Chrono Boost)  
  68  10:16  Probe  
  68  10:18  Probe, Protoss Ground Weapons Level 1 (Chrono Boost)  
  68  10:20  Charge  
  70  10:23  Probe  
  69  10:29  Probe  
  69  10:30  Probe  
  69  10:35  Probe  
  70  10:38  Observer, Shield Battery  
  70  10:39  Shield Battery  
  70  10:41  Probe  
  70  10:42  Probe  
  72  10:43  Photon Cannon  
  72  10:45  Gateway  
  72  10:47  Probe, Protoss Air Weapons Level 1  
  73  10:53  Probe  
  73  10:54  Probe  
  75  11:01  Probe (Chrono Boost)  
  76  11:05  Dark Templar x4  
  76  11:07  Probe (Chrono Boost)  
  86  11:13  Probe (Chrono Boost)  
  86  11:15  Gravitic Boosters  
  86  11:17  Probe x2 (Chrono Boost), Observer (Chrono Boost)  
  89  11:21  Probe (Chrono Boost)  
  90  11:28  Probe  
  90  11:29  Probe  
  90  11:30  Observer (Chrono Boost)  
  90  11:31  Stalker x3  
  90  11:32  Probe  
  98  11:34  Stalker  
  100  11:44  Void Ray  
  100  11:49  Observer  
  105  11:55  Nexus  
  105  11:58  Probe x2  
  105  11:59  Stargate, Assimilator  
  107  12:01  Assimilator  
  107  12:05  Pylon  
  107  12:07  Probe  
  107  12:08  Pylon, Stalker  
  108  12:09  Stalker x2  
  108  12:10  Probe  
  108  12:11  Observer  
  114  12:17  Probe  
  114  12:19  Probe, Protoss Ground Armor Level 1  
  115  12:23  Probe  
  115  12:27  Void Ray x2  
  115  12:28  Nexus  
  115  12:29  Probe  
  125  12:48  Stalker  
  125  12:49  Stalker x5  
  127  13:04  Stalker x4  
  132  13:23  Void Ray (Chrono Boost)  
  132  13:24  Void Ray (Chrono Boost)  
  140  13:38  Void Ray (Chrono Boost)  
  140  13:40  Zealot x4  
  152  13:42  Nexus  
  152  13:53  Void Ray  
  150  14:14  Void Ray  
  150  14:20  Oracle  
  157  14:29  Observer x2  
  157  14:31  Void Ray  
  161  14:39  Photon Cannon x2  
  161  14:42  Gateway x2  
  161  14:44  Gateway, Stalker x4  
  161  14:45  Stalker x2  
  172  14:51  Void Ray  
  175  15:00  Zealot x4  
  175  15:01  Protoss Ground Weapons Level 2 (Chrono Boost)  
  183  15:10  Probe x2  
  111  15:31  Zealot x9  
  111  15:34  Probe x2  
  111  15:35  Probe  
  103  15:43  Void Ray, Dark Templar x2  
  111  15:57  Dark Templar x3  
  79  16:13  Stalker x4  
  79  16:17  Void Ray  
  79  16:18  Void Ray  
  81  16:57  Nexus  
  68  17:10  Zealot x2  
  72  17:19  Void Ray x2  
  72  17:26  Zealot x4  
  72  17:27  Zealot x4  
  96  17:40  Observer (Chrono Boost)  
  92  18:04  Zealot x7  
  92  18:05  Zealot x2  
Show
View Real Time Build Order
Export as new Build Order

Moe Protoss 

Build Orders: Phoenix Opening, Mass Phoenix 

Get SALT Encoding   

  12  0:00  Probe  
  13  0:12  Probe  
  14  0:22  Pylon  
  14  0:24  Probe  
  15  0:40  Probe  
  15  0:41  Gateway  
  16  0:51  Assimilator  
  16  0:53  Probe (Chrono Boost), Assimilator  
  17  1:00  Pylon  
  17  1:04  Probe (Chrono Boost)  
  17  1:07  Pylon  
  17  1:11  Probe  
  19  1:24  Probe  
  20  1:29  Cybernetics Core  
  20  1:35  Pylon  
  20  1:37  Probe (Chrono Boost)  
  22  1:47  Probe (Chrono Boost)  
  22  2:13  Nexus  
  22  2:15  Sentry (Chrono Boost)  
  22  2:21  Warp Gate  
  24  2:23  Probe  
  25  2:37  Shield Battery  
  25  2:43  Stargate  
  25  2:46  Probe  
  26  2:55  Stalker  
  28  2:59  Probe  
  29  3:11  Probe  
  30  3:16  Pylon  
  30  3:23  Probe  
  31  3:27  Stargate  
  31  3:29  Probe (Chrono Boost)  
  32  3:35  Phoenix  
  32  3:39  Probe (Chrono Boost)  
  37  3:49  Probe x2 (Chrono Boost)  
  37  3:54  Probe (Chrono Boost)  
  37  3:55  Probe, Assimilator  
  38  4:00  Phoenix  
  41  4:06  Probe  
  41  4:08  Probe  
  43  4:16  Phoenix  
  45  4:18  Probe  
  45  4:21  Probe  
  47  4:33  Phoenix  
  49  4:39  Probe x2 (Chrono Boost)  
  49  4:42  Assimilator  
  51  4:50  Probe x2 (Chrono Boost)  
  51  4:51  Twilight Council  
  53  4:55  Probe (Chrono Boost)  
  54  5:00  Pylon  
  54  5:16  Pylon  
  54  5:18  Probe x2, Phoenix x2  
  60  5:30  Probe  
  61  5:43  Phoenix x2  
  65  6:02  Void Ray  
  65  6:09  Probe  
  70  6:17  Probe  
  69  6:18  Phoenix  
  69  6:21  Probe  
  69  6:22  Templar Archives  
  70  6:38  Gateway  
  70  6:39  Gateway  
  70  6:41  Gateway  
  70  6:43  Gateway  
  70  6:54  Shield Battery x2  
  70  6:57  Shield Battery  
  70  6:58  Shield Battery  
  70  7:03  Pylon  
  70  7:05  Pylon  
  70  7:08  Pylon  
  70  7:15  Void Ray  
  70  7:17  Stargate  
  70  7:18  Stargate  
  70  7:20  Phoenix  
  70  7:21  Probe, Stargate  
  77  7:27  Psionic Storm  
  77  7:31  Probe  
  77  7:33  Probe  
  79  7:40  Void Ray  
  79  7:43  Zealot  
  79  7:44  Zealot x4  
  83  7:47  Probe  
  94  7:58  Pylon  
  94  7:59  Pylon  
  94  8:05  Nexus  
  94  8:10  Void Ray  
  94  8:16  Probe x2  
  100  8:26  Pylon  
  100  8:27  Pylon  
  100  8:28  Pylon  
  100  8:29  Pylon  
  100  8:30  Pylon, Assimilator  
  100  8:31  Probe x2  
  100  8:34  Assimilator  
  100  8:37  High Templar x2  
  100  8:38  High Templar  
  100  8:39  Zealot  
  100  8:40  Zealot  
  98  8:45  Charge (Chrono Boost)  
  98  8:55  Void Ray, Forge  
  102  9:07  Probe x2, Void Ray  
  108  9:19  Probe  
  108  9:20  Probe  
  110  9:27  Pylon  
  110  9:55  Archon  
  98  10:05  Zealot x5  
  100  10:07  Probe x3  
  83  10:23  Probe x3, Void Ray x3  
  83  10:24  Void Ray x2  
  86  10:31  High Templar x3  
  86  10:33  Zealot x2  
  116  10:35  Nexus  
  116  10:36  Probe x2  
  116  10:40  Assimilator  
  116  10:41  Photon Cannon  
  118  10:43  Assimilator  
  118  10:46  Pylon  
  118  10:48  Pylon  
  118  10:50  Pylon  
  118  10:55  Pylon  
  118  11:00  Probe x2, Protoss Shields Level 1 (Chrono Boost), Dark Shrine  
  118  11:01  Probe  
  121  11:14  Zealot  
  121  11:15  Zealot x4  
  121  11:16  Probe x3  
  134  11:19  Protoss Air Weapons Level 1 (Chrono Boost)  
  134  11:24  Photon Cannon  
  134  11:26  Photon Cannon  
  134  11:29  Void Ray  
  134  11:31  Probe x3 (Chrono Boost)  
  137  11:38  Void Ray  
  141  11:43  Probe x3 (Chrono Boost), Void Ray  
  148  11:50  Probe x3 (Chrono Boost)  
  155  11:57  Void Ray x2  
  163  12:08  Gateway  
  163  12:10  Gateway  
  163  12:12  Gateway  
  163  12:19  High Templar x4  
  171  12:23  Archon  
  171  12:29  Probe  
  173  12:30  Probe  
  173  12:34  Forge  
  173  12:35  Void Ray x2  
  173  12:36  Cybernetics Core  
  173  12:51  Protoss Ground Weapons Level 1 (Chrono Boost)  
  161  13:12  Protoss Air Armor Level 1  
  161  13:13  Robotics Facility  
  161  13:17  Zealot x2  
  161  13:18  Zealot x6  
  175  13:51  Archon x2  
  147  14:00  Zealot x3  
  147  14:01  Zealot x5  
  151  14:03  Void Ray x2  
  151  14:04  Void Ray x3  
  163  14:16  Stargate  
  159  14:18  Stargate  
  159  14:19  Protoss Shields Level 2 (Chrono Boost)  
  159  14:20  Stargate  
  159  14:21  Stargate  
  159  14:23  Stargate  
  159  14:24  Stargate  
  159  14:26  Pylon x2  
  159  14:31  Fleet Beacon  
  159  14:32  Zealot x7  
  159  14:33  Zealot  
  175  14:52  High Templar, Protoss Ground Armor Level 1  
  173  14:53  High Templar x3  
  179  15:01  Observer  
  179  15:04  High Templar  
  182  15:14  Void Ray x2  
  190  15:23  Flux Vanes  
  190  15:49  Pylon  
  190  15:53  Assimilator  
  190  15:57  Assimilator  
  190  16:06  Pylon  
  190  16:07  Nexus  
  188  16:48  Void Ray x3  
  174  17:16  Zealot x4  
  174  17:17  Zealot  
  157  17:37  Zealot x5  
  157  17:38  Void Ray x4, Zealot x2  
  114  17:52  Void Ray  
  82  18:13  Zealot  
  82  18:14  Zealot x6  
  82  18:35  High Templar x2  
  82  18:37  Zealot x4  
  82  18:38  Zealot  
Tags
 
Add a new tag
Caveats
  • Supply blocks, unpowered buildings, or Contaminate may cause inaccurate times.
  • Supply counts are checked every 10 seconds.